 Dungeon Crawl Stone Soup version 0.19.1 (webtiles) character file.

79 doubledope the Charmwright (level 4, -2/30 HPs)
             Began as a High Elf Skald on Dec 3, 2016.
             Slain by an adder (4 damage)
             ... on level 2 of the Dungeon.
             The game lasted 00:07:08 (1773 turns).

doubledope the Charmwright (High Elf Skald)         Turns: 1773, Time: 00:07:08

Health: -2/30      AC:  3    Str: 12    XL:     4   Next: 16%
Magic:  9/9        EV: 11    Int: 16    God:
Gold:   94         SH:  0    Dex: 14    Spells: 1 memorised, 7 levels left

rFire  . . .     SeeInvis .     a - +0 falchion
rCold  . . .     Gourm    .     b - +0 leather armour
rNeg   . . .     Faith    .     (no shield)
rPois  .         Spirit   .     (no helmet)
rElec  .         Reflect  .     (no cloak)
rCorr  .         Harm     .     (no gloves)
MR     .....                    (no boots)
Stlth  ..........               (no amulet)
                                (no ring)
                                e - ring of loudness (curse)

@: no status effects
A: no striking features
a: no special abilities


You were on level 2 of the Dungeon.
You were not hungry.

You visited 1 branch of the dungeon, and saw 2 of its levels.

You collected 94 gold pieces.

Inventory:

Hand Weapons
 a - a +0 falchion (weapon)
Armour
 b - a +0 leather armour (worn)
Jewellery
 e - a cursed ring of loudness (left hand)
Scrolls
 j - a scroll of fear {unknown}
 k - a scroll of enchant armour {unknown}
 m - 3 scrolls of identify {unknown}
 p - a scroll of random uselessness {unknown}
Potions
 f - a potion of cancellation {unknown}
 g - 2 potions of curing {unknown}
 i - a potion of might {unknown}
 l - a potion of haste {unknown}
 n - a potion of lignification {unknown}
 q - a potion of mutation {unknown}
Books
 c - a book of Battle

   Spells                             Type                      Level
   a - Infusion                       Charms                       1
   b - Shroud of Golubria             Charms/Translocation         2
   c - Song of Slaying                Charms                       2
   d - Spectral Weapon                Hexes/Charms                 3
   e - Regeneration                   Charms/Necromancy            3
Comestibles
 d - a bread ration
 h - 3 fruits
 o - a beef jerky
 r - a chunk of flesh


   Skills:
 + Level 2.5 Fighting
 + Level 3.3 Long Blades
 + Level 1.7 Armour
 + Level 1.4 Dodging
 + Level 0.8 Stealth
 + Level 2.7 Spellcasting
 + Level 4.1 Charms


You had 7 spell levels left.
You knew the following spells:

 Your Spells              Type           Power        Failure   Level  Hunger
a - Infusion              Chrm           ###.         6%          1    #......


Dungeon Overview and Level Annotations

Branches:
Dungeon (2/15)

Altars:
Ashenzari


Message History

You hit the adder.
The adder is moderately wounded.
The adder bites you.
* * * LOW HITPOINT WARNING * * *
You barely miss the adder.
The adder is moderately wounded.
The adder bites you.
* * * LOW HITPOINT WARNING * * *
The adder barely misses you.
You riposte.
You hit the adder.
The adder is severely wounded.
You hit the adder but do no damage.
The adder is severely wounded.
The adder bites you.
* * * LOW HITPOINT WARNING * * *
You miss the adder.
The adder is severely wounded.
The adder closely misses you.
You riposte.
You hit the adder.
The adder is almost dead.
The adder bites you.
You die...

##.##.......#......(.. #
##.##.#..#..#..#.###..
#...####..............#.#
.._......##..####........
#...###.###..####..####..#
# #.# #....##.... ... #.#
#.##.##..##.##.## #.#
#.##.##....... ..#
#....@S.......
####.....###..?...
.........# .....
####.....# .... #=....#
... #.....# .. ###.### #
..


You could see an adder.

Vanquished Creatures
  Ijyb (D:2)
  An ooze (D:1)
  A worm (D:2)
  3 dart slugs (D:1)
  3 leopard geckos (D:1)
  5 bats
  6 goblins
  3 hobgoblins (D:1)
  4 jackals (D:1)
  4 frilled lizards (D:1)
  3 kobolds (D:1)
  5 rats
39 creatures vanquished.

Notes
Turn   | Place    | Note
-------+----------+-------------------------------------------
     0 | D:1      | doubledope the High Elf Skald began the quest for the Orb.
     0 | D:1      | Reached XP level 1. HP: 14/14 MP: 4/4
    75 | D:1      | Reached skill level 1 in Armour
   129 | D:1      | Reached XP level 2. HP: 13/19 MP: 6/6
   271 | D:1      | Reached skill level 4 in Charms
   499 | D:1      | HP: 1/20 [jackal (1)]
   760 | D:1      | Reached XP level 3. HP: 15/25 MP: 8/8
  1550 | D:2      | Noticed Ijyb
  1567 | D:2      | Killed Ijyb
  1567 | D:2      | Reached XP level 4. HP: 16/30 MP: 3/9
  1735 | D:2      | Found a shattered altar of Ashenzari.
  1773 | D:2      | Slain by an adder

Skill      XL: |  1  2  3 |
---------------+----------+-----
Armour         | 1 |  1.7
Charms         | 4 |  4.1
Long Blades    | 3 |  3.3
Fighting       | |  2.5
Dodging        | |  1.4
Stealth        | |  0.8
Spellcasting   | |  2.7

Action                   |  1- 3 |  4- 6 || total
-------------------------+-------+-------++-------
Melee: Falchion          |   115 |    20 ||   135
 Cast: Infusion          |     2 |       ||     2
  Eat: Chunk             |     1 |     2 ||     3
Armor: Leather armour    |    61 |     1 ||    62
Dodge: Dodged            |   106 |     7 ||   113
       Rpst.: Falchion   |    29 |     2 ||    31
